Map: Habitation Station LE (Void)

Players

Musumeci

  • Race: Zerg Zerg
  • League: Diamond
  • Spawn Location: 11:00

Kira - Winner!

  • Race: Zerg Zerg
  • League: Master
  • Spawn Location: 1:00

VOD

Have the link to the VOD?

Description

Time

  • Played on: Jan. 20, 2017, 6:58 a.m.
  • Length: 3:22
Show
View Real Time Build Order
Export as new Build Order

Musumeci Zerg 

Build Orders: Hatch First 

Get SALT Encoding   

  12  0:09  Drone x2  
  14  0:17  Extractor  
  14  0:18  Drone  
  15  0:40  Hatchery  
  14  0:49  Extractor  
  14  0:50  Drone  
  15  1:04  Evolution Chamber  
  15  1:08  Spawning Pool  
  15  1:10  Drone  
  14  1:17  Extractor  
  13  1:25  Overlord  
  13  1:55  Zergling x8  
  11  2:17  Drone x2  
  11  2:19  Drone x2  
  12  2:29  Drone x2  
  13  2:36  Drone  
  14  2:53  Drone x2  
Show
View Real Time Build Order
Export as new Build Order

Kira Zerg - Winner!

Build Orders: Pool First 

Get SALT Encoding   

  12  0:20  Spawning Pool  
  11  0:22  Drone  
  11  0:27  Drone  
  13  0:30  Drone  
  14  0:41  Overlord  
  14  1:06  Zergling x6  
  17  1:12  Queen  
  19  1:19  Zergling x2  
  20  1:30  Zergling x2  
  21  1:50  Hatchery  
  20  1:54  Extractor  
  20  1:55  Drone x2  
  19  2:19  Zergling x4  
  18  2:31  Queen  
  20  2:38  Zergling x4  
  20  2:41  Overlord  
Tags
 
Add a new tag
Caveats
  • Supply blocks, unpowered buildings, or Contaminate may cause inaccurate times.
  • Supply counts are checked every 10 seconds.